 Dungeon Crawl Stone Soup version 0.17.1-3-g152610e (webtiles) character file.

57 Jerry the Ducker (level 3, -1/26 HPs)
             Began as a Draconian Wizard on Mar 30, 2016.
             Killed from afar by an orc wizard (9 damage)
             ... with a magic dart
             ... on level 2 of the Dungeon.
             The game lasted 00:08:29 (2058 turns).

Jerry the Ducker (Draconian Wizard)                 Turns: 2058, Time: 00:08:29

Health: -1/26      AC: 12    Str:  9    XL:     3   Next: 73%
Magic:  1/7        EV: 12    Int: 18    God:
Gold:   89         SH:  0    Dex: 10    Spells: 1 memorised, 7 levels left

rFire  . . .     SeeInvis .     e - +2 mace (protect)
rCold  . . .     Clarity  .     (armour unavailable)
rNeg   + . .     SustAt   .     (no shield)
rPois  .         Gourm    .     p - +2 hat
rElec  .         Spirit   .     (no cloak)
rCorr  .         Warding  +     (no gloves)
rMut   .         Stasis   .     (no boots)
MR     .....                    s - amulet of warding
Stlth  +.........               (no ring)
                                (no ring)

@: confused, not resistant to hostile enchantments, very unstealthy
A: unfitting armour, cold-blooded, AC +5
a: no special abilities


You were on level 2 of the Dungeon.
You were hungry.

You visited 1 branch of the dungeon, and saw 3 of its levels.

You collected 89 gold pieces.

Inventory:

Hand Weapons
 e - a +2 mace of protection (weapon)
Armour
 p - a +2 hat (worn)
Jewellery
 s - an amulet of warding (around neck)
Scrolls
 a - a scroll of noise {unknown}
 d - a scroll of blinking {unknown}
 g - 2 scrolls of magic mapping {unknown}
 j - 2 scrolls of identify {unknown}
 k - a scroll of fog {unknown}
 l - a scroll of teleportation {unknown}
 m - a scroll of immolation {unknown}
 o - 3 scrolls of remove curse {unknown}
 q - a scroll of random uselessness {unknown}
 r - a scroll of amnesia {unknown}
Potions
 i - a potion of flight {unknown}
 n - a potion of agility {unknown}
Books
 b - a book of Minor Magic

   Spells                             Type                      Level
   a - Magic Dart                     Conjuration                  1
   b - Blink                          Translocation                2
   c - Call Imp                       Summoning                    2
   d - Repel Missiles                 Charms/Air                   2
   e - Slow                           Hexes                        2
   f - Conjure Flame                  Conjuration/Fire             3
   g - Mephitic Cloud                 Conjuration/Poison/Air       3
Comestibles
 c - a bread ration
 f - a meat ration
 h - a slice of pizza


   Skills:
 + Level 3.1 Dodging
 - Level 1.7 Stealth
 - Level 3.0 Spellcasting
 + Level 2.4 Conjurations
   Level 1.0 Summonings
   Level 1.0 Translocations


You had 7 spell levels left.
You knew the following spells:

 Your Spells              Type           Power        Failure   Level  Hunger
a - Magic Dart            Conj           ##..         8%          1    None


Dungeon Overview and Level Annotations

Branches:
Dungeon (3/15)

Altars:
Okawaru


Innate Abilities, Weirdness & Mutations

Your plain brown scales are hard (AC +5).
Your body does not fit into most forms of armour.
You are cold-blooded and may be slowed by cold attacks.


Message History

Press: ? - help, Shift-Dir - straight line, f/p - orc wizard
Aim: an orc wizard, wielding a dagger and wearing a robe (moderately wounded)
The magic dart hits the orc wizard.
The orc wizard is heavily wounded.
The orc wizard casts a spell at you.
You are confused.
You barely miss the orc wizard.
The orc wizard is heavily wounded.
The orc wizard hits you but does no damage.
You're too confused to move!
The orc wizard hits you but does no damage.
You bump into the rock wall.
The orc wizard casts a spell at you. The puff of flame hits you!
You closely miss the orc wizard.
The orc wizard is heavily wounded.
The orc wizard hits you but does no damage.
The orc wizard gestures at you while chanting.
The magic dart hits you!
You die...

#....# #........# #...#.# #....#
##.###+#.# #####.# #....#
#..##.#.# #.# #....# ##.##.#.#
#.# #....##########.##.#.# #.#
#....#........#.##.#.# #.#
.....'........#..#.#.# #.###
#....#........##.#.#.# #....
#....#........##@#.#.############
#....#........##o#.#.#.....#
#....#........##.#.#.#.###.###
#....#.<......##.#...#.###...#
######........##.##..#...#.#.####
#........##.#...............
#........##.#...#..####.####
#........##.#...#..##.....##
#........##.#...##.#.......#


You could see an orc wizard.

Vanquished Creatures
  An adder (D:2)
  2 worms (D:2)
  A giant gecko (D:1)
  3 orcs
  A ball python (D:1)
  4 giant cockroaches
  7 goblins
  3 hobgoblins
  4 kobolds (D:1)
  6 bats
  2 rats (D:2)
34 creatures vanquished.

Notes
Turn   | Place    | Note
--------------------------------------------------------------
     0 | D:1      | Jerry the Draconian Wizard began the quest for the Orb.
     0 | D:1      | Reached XP level 1. HP: 14/14 MP: 4/4
   413 | D:1      | Reached XP level 2. HP: 20/20 MP: 6/6
  1197 | D:2      | Reached XP level 3. HP: 26/26 MP: 1/7
  1707 | D:2      | Found an iron altar of Okawaru.
  2058 | D:2      | Killed from afar by an orc wizard

Action                   || total
-------------------------++-------
Melee: Mace              ||    79
 Cast: Magic Dart        ||    46
  Use: Potion            ||     1
 Stab: Sleeping          ||     2
  Eat: Chunk             ||     3
